 Dungeon Crawl Stone Soup version 0.29-a0-1043-g569b05d6ff (webtiles) character file.

Game seed: 10034459625055209217

220 drugrobin the Sneak (level 5, -2/42 HPs)
             Began as a Demigod Delver on Aug 15, 2022.
             Slain by an iguana (6 damage)
             ... on level 4 of the Dungeon.
             The game lasted 00:09:19 (5660 turns).

drugrobin the Sneak (Demigod Delver)                Turns: 5660, Time: 00:09:20

Health: -2/42      AC:  7    Str: 17    XL:     5   Next: 37%
Magic:  10/10      EV: 10    Int: 18    God:
Gold:   36         SH:  0    Dex: 15    Spells: 5/7 levels left

rFire   . . .      SeeInvis +   a - +1 war axe (vorpal)
rCold   . . .      Faith    .   (no shield)
rNeg    . . .      Spirit   .   k - +0 scale mail
rPois   .          Reflect  .   w - +0 helmet
rElec   .          Harm     .   (no cloak)
rCorr   .          Rampage  .   (no gloves)
Will    .....                   (no boots)
Stlth   +.........              (no amulet)
HPRegen 0.14/turn               i - ring of see invisible
MPRegen 0.12/turn               C - +6 ring of intelligence

@: no status effects
A: high MP 1, forlorn, divine attributes
a: no special abilities


You were on level 4 of the Dungeon.
You visited 1 branch of the dungeon, and saw 6 of its levels.

You collected 218 gold pieces.
You spent 182 gold pieces at shops.

Inventory:

Hand Weapons
 a - a +1 vorpal war axe (weapon)
 b - a +1 dagger of venom
 o - a +1 short sword of protection
Missiles
 r - a throwing net (quivered)
Armour
 k - a +0 scale mail (worn)
 s - a +0 leather armour
 w - a +0 helmet (worn)
Jewellery
 i - a ring of see invisible (left hand)
 C - a +6 ring of intelligence (right hand)
Wands
 g - a wand of digging (3)
Scrolls
 c - a scroll of fog
 d - 2 scrolls of magic mapping
 e - 2 scrolls of fear
 h - 5 scrolls of enchant armour {unknown}
 l - a scroll of amnesia {unknown}
 m - 2 scrolls of teleportation {unknown}
 n - 7 scrolls of identify {unknown}
 q - 2 scrolls of enchant weapon {unknown}
 y - a scroll of blinking {unknown}
Potions
 f - a potion of haste
 j - 2 potions of degeneration
 t - 2 potions of cancellation {unknown}
 u - a potion of heal wounds
 v - a potion of might {unknown}
 x - a potion of flight {unknown}
 z - a potion of attraction {unknown}
 A - a potion of curing {unknown}
 B - a potion of resistance {unknown}


   Skills:
 - Level 2.6 Fighting
 + Level 4.5 Axes
 - Level 1.7 Dodging
 - Level 4.5 Stealth
 + Level 1.6 Spellcasting
 + Level 1.8 Fire Magic


You had 5 spell levels left.
You knew the following spells:

 Your Spells              Type           Power      Damage    Failure   Level
a - Scorch                Fire           14%        2d6       45%         2

Your spell library contained the following spells:

 Spells                   Type           Power      Damage    Failure   Level
 Necrotise                Necr           4%         1d4       56%         1
 Vampiric Draining        Necr           1%         2d6       91%         3
 Flame Wave               Conj/Fire      4%         2d5       99%         4
 Airstrike                Air            0%         2d(1-17)  100%        4
 Summon Lightning Spire   Summ/Air       1%         N/A       100%        4
 Agony                    Necr           1%         N/A       100%        5
 Lightning Bolt           Conj/Air       0%         1d11      100%        5
 Summon Cactus Giant      Summ           0%         N/A       100%        6


Dungeon Overview and Level Annotations

Branches:
Dungeon (6/15)             Temple (0/1) D:4

Shops:
D:4 [[!*


Innate Abilities, Weirdness & Mutations

You have an increased reservoir of magic. (+10% MP)
You shall have no god before yourself.
Your divine heritage dramatically boosts your attributes as you level up.


Message History

You kill the gnoll!
You see here a +0 spear.
HP restored.
An iguana is nearby!
Unknown command.
You barely miss the iguana. The iguana bites you!
You barely miss the iguana. The iguana bites you.
You barely miss the iguana.
The iguana bites you but does no damage.
The iguana barely misses you.
You hit the iguana.
The iguana is lightly wounded.
The iguana barely misses you.
You slash the iguana!
The iguana is severely wounded.
The iguana bites you!
You hit the iguana.
The iguana is almost dead.
The iguana closely misses you.
You hit the iguana but do no damage.
The iguana is almost dead.
The iguana barely misses you. The iguana bites you!
* * * LOW HITPOINT WARNING * * *
Unknown command.
Unknown command.
You hit the iguana but do no damage.
The iguana is almost dead.
The iguana bites you.
* * * LOW HITPOINT WARNING * * *
Unknown command.
Unknown command.
You barely miss the iguana.
The iguana is almost dead.
The iguana barely misses you.
Unknown command.
Unknown command.
You closely miss the iguana.
The iguana is almost dead.
The iguana bites you.
You die...

#......# #......# #######
#......# ### #.....# #......##
...) #.###.# ######......#.
....l #.###.###....#......#.
......##)....................
....(.'.>...............####'
......######@###.##.#####....
############l....##.....#....
#...........##########.'...>
#...l.g.....# ####..#....
#####...........# #.....#....
#...............######.##.######
#...............'.........).#.#
#...............######.#<..##.##
#.....#######.####.....###.##.#.


You could see an iguana.

Vanquished Creatures
  2 hounds (D:4)
  An iguana (D:4)
  2 adders (D:2)
  6 gnolls
  3 dart slugs
  An orc (D:4)
  4 ball pythons
  8 endoplasms
  3 giant cockroaches
  3 hobgoblins
  4 jackals (D:2)
  A quokka (D:1)
  2 bats
  3 frilled lizards (D:1)
  8 kobolds
  4 rats
55 creatures vanquished.

Notes
Turn   | Place    | Note
-------+----------+-------------------------------------------
     0 | D:5      | drugrobin the Demigod Delver began the quest for the Orb.
     0 | D:5      | Reached XP level 1. HP: 18/18 MP: 3/3
     1 | D:6      | Noticed a scorpion
   648 | D:1      | Reached XP level 2. HP: 16/25 MP: 4/4
  1527 | D:1      | Reached XP level 3. HP: 30/30 MP: 5/5
  1644 | D:1      | Learned a level 2 spell: Scorch
  3513 | D:4      | Found Plog's Distillery.
  3536 | D:4      | Found Veiz's Antique Armour Boutique.
  3561 | D:4      | Reached XP level 4. HP: 24/37 MP: 5/7
  3700 | D:4      | Found Jesaopop's Armour Boutique.
  3855 | D:4      | Reached skill level 1 in Spellcasting
  3855 | D:4      | Reached skill level 1 in Fire Magic
  4080 | D:4      | Noticed a gnoll sergeant
  4088 | D:4      | Reached XP level 5. HP: 36/42 MP: 9/9
  5505 | D:4      | Found a staircase to the Ecumenical Temple.
  5511 | D:4      | Found Qoufemink's Assorted Antiques.
  5521 | D:4      | Bought a glowing war axe for 182 gold pieces
  5660 | D:4      | Slain by an iguana

Illustrated notes

Levels and vault maps discovered:
D:1:      lightli_arrival_statuegarden, layout_loops_ring,
          chequers_ecumenical_altar_lobes, glass_columns_b, grunt_decor_cap,
          moated_statue, minmay_hexomino_u4
D:2:      layout_basic
D:3:      layout_loops_ring
D:4:      layout_basic, mainiacjoe_overflow_cross_hatched, temple_green,
          serial_shops, nicolae_shop_window_shopping, nicolae_take_the_stairs,
          nicolae_diamond_shop, shop
D:5:      layout_gridville, nzn_hepliaklqana_mist_gate,
          chequers_serial_rivers_micro_c
D:6:      layout_rooms, zin_statuary

Skill      XL: |  1  2  3  4 |
---------------+-------------+-----
Axes           | 2 3 4 |  4.5
Spellcasting   | 1 |  1.6
Fire Magic     | 1 |  1.8
Fighting       | |  2.6
Dodging        | |  1.7
Stealth        | |  4.5

Action                   |  1- 3 |  4- 6 || total
-------------------------+-------+-------++-------
Melee: Hand axe          |    20 |       ||    20
       Short sword       |    39 |       ||    39
       War axe           |    39 |    58 ||    97
       Dagger            |    44 |       ||    44
       Punch             |     1 |     1 ||     2
 Cast: Scorch            |     3 |     5 ||     8
  Use: Potion            |     2 |       ||     2
       Scroll            |     1 |     1 ||     2
 Stab: Sleeping          |     7 |       ||     7
Armor: Leather armour    |    31 |       ||    31
       Scale mail        |     9 |    15 ||    24
Dodge: Dodged            |    93 |    53 ||   146

Table legend: (Time is in decaauts)
 A = Elapsed time spent in this place.
 B = Non-inter-level travel time spent in this place.
 C = Inter-level travel time spent in this place.
 D = Time resting spent in this place.
 E = Time spent auto-exploring this place.
 F = Levels seen in this place.
 G = Mean time per level.
                   A        B        C        D        E       F      G
               +--------+--------+--------+--------+--------+-----+--------+
         Total |   5700 |   5558 |    142 |   1493 |   3015 |   6 |  950.0 |
       Dungeon |   5700 |   5558 |    142 |   1493 |   3015 |   6 |  950.0 |
               +--------+--------+--------+--------+--------+-----+--------+

Top non-repeatable levels by time:
     D:1: 1731 daAuts
     D:3: 1508 daAuts
     D:4: 1136 daAuts
     D:2: 1038 daAuts
     D:5: 283 daAuts
     D:6: 1 daAuts
